 Dungeon Sprint DCSS version 0.20-a0-45-gb3e417c (webtiles) character file.

640 Faca the Fighter (level 7, -2/73 HPs)
             Began as a Minotaur Fighter on Nov 13, 2016.
             Was an Initiate of Okawaru.
             Slain by a deep troll (4 damage)
             ... in the Dungeon (Sprint I: "Red Sonja").
             The game lasted 00:04:44 (637 turns).

Faca the Fighter (Minotaur Fighter)                  Turns: 637, Time: 00:04:46

Health: -2/73      AC: 11    Str: 21    XL:     7   Next: 26%
Magic:  6/6        EV:  4    Int:  5    God:    Okawaru [......]
Gold:   216        SH:  7    Dex: 11    Spells: 0 memorised, 6 levels left

rFire  . . .     SeeInvis .     a - +0 long sword
rCold  + . .     Gourm    .     m - +3 chain mail {rC+}
rNeg   . . .     Faith    .     c - +0 shield
rPois  .         Spirit   .     (helmet restricted)
rElec  .         Reflect  .     (no cloak)
rCorr  .         Harm     .     (no gloves)
MR     .....     NoTele   +     (no boots)
Stlth  ..........               (no amulet)
                                (no ring)
                                (no ring)

@: very heavily drained
A: retaliatory headbutt, horns 2
a: Renounce Religion


You were in the Dungeon.
You worshipped Okawaru.
Okawaru was noncommittal.
You were not hungry.

You visited 1 branch You collected 468 gold pieces.
You spent 252 gold pieces at shops.

Inventory:

Hand Weapons
 a - a +0 long sword (weapon)
 l - a +2 antimagic scythe
Armour
 c - a +0 shield (worn)
 m - a +3 chain mail of cold resistance (worn)
Scrolls
 k - a scroll of blinking
Potions
 d - a potion of might
 e - a potion of curing
 g - a potion of heal wounds
 h - a potion of haste
 i - 2 potions of magic
 j - a potion of berserk rage
Comestibles
 f - a bread ration


   Skills:
 + Level 10.4(0.0) Fighting
 + Level 9.9(0.0) Long Blades
 + Level 10.0(0.0) Armour
 + Level 2.2(0.0) Dodging
 + Level 0.5(0.0) Stealth
 + Level 9.3(0.0) Shields


You had 6 spell levels left.
You didn't know any spells.

Dungeon Overview and Level Annotations

Branches:
Dungeon (1/1)

Altars:
Cheibriados
Dithmenos
Elyvilon
Fedhas
Gozag
Hepliaklqana
Kikubaaqudgha
Makhleb
Nemelex Xobeh
Okawaru
Qazlal
Ru
Sif Muna
Trog
Uskayaw
Vehumet
Xom
Yredelemnul
Zin
The Shining One
Jiyva
Lugonu

Shops:
D [

Annotations:
D Sonja


Innate Abilities, Weirdness & Mutations

You reflexively headbutt those who attack you in melee.
You have a pair of horns on your head.


Message History

Sonja hits you with an uncursed dagger of draining.
* * * LOW HITPOINT WARNING * * *
You feel drained.
* * * LOW HITPOINT WARNING * * *
Sonja hits you but does no damage.
You feel drained. Sonja hits you but does no damage.
You feel drained.
You barely miss the deep troll. You headbutt the deep troll!
The deep troll is lightly wounded.
Sonja hits you with an uncursed dagger of draining.
* * * LOW HITPOINT WARNING * * *
You feel drained.
Sonja hits you with an uncursed dagger of draining.
* * * LOW HITPOINT WARNING * * *
You feel drained.
Sonja hits you with an uncursed dagger of draining.
* * * LOW HITPOINT WARNING * * *
You feel drained. The deep troll bites you!
* * * LOW HITPOINT WARNING * * *
The deep troll claws you.
You die...

#..#####'#####'#__####
#..####..#...#[####
#..#__####..##.#
#..#___K_##'#..+
#⌠⌠#_K∩§..†.(._#
####_..__##_(#+#
#_____###'#
#########K####+###
+.(@T$$.$$+
#(.$####### ##.## #+#


You could see a deep troll and Sonja.

Vanquished Creatures
  A slime creature (D)
  Sigmund (D)
  A yak (D)
  An ogre (D)
  A jelly (D)
  Ijyb (D)
6 creatures vanquished.

Notes
Turn   | Place    | Note
-------+----------+-------------------------------------------
     0 | D        | Faca the Minotaur Fighter began the quest for the Orb.
     0 | D        | Reached XP level 1. HP: 19/19 MP: 0/0
     2 | D        | Noticed Ijyb
    10 | D        | Killed Ijyb
    10 | D        | Reached skill level 5 in Fighting
    10 | D        | Reached skill level 5 in Armour
    10 | D        | Reached skill level 5 in Shields
    10 | D        | Reached XP level 2. HP: 20/29 MP: 1/1
   101 | D        | Noticed an ogre
   106 | D        | Killed an ogre
   106 | D        | Reached skill level 5 in Long Blades
   106 | D        | Reached XP level 3. HP: 17/39 MP: 2/2
   106 | D        | Reached XP level 4. HP: 20/47 MP: 3/3
   286 | D        | Noticed Sigmund
   298 | D        | Killed Sigmund
   298 | D        | Reached skill level 1 in Dodging
   298 | D        | Reached XP level 5. HP: 31/56 MP: 0/4
   298 | D        | Reached XP level 6. HP: 35/62 MP: 0/5
   456 | D        | Found a burning altar of Makhleb.
   456 | D        | Found a viscous altar of Jiyva.
   456 | D        | Found a shimmering altar of Xom.
   456 | D        | Found a corrupted altar of Lugonu.
   456 | D        | Noticed a slime creature
   461 | D        | Killed a slime creature
   488 | D        | Found a deep blue altar of Sif Muna.
   490 | D        | Found a radiant altar of Vehumet.
   494 | D        | Reached skill level 10 in Fighting
   517 | D        | Found Tekit's Antique Armour Emporium.
   517 | D        | Found an ancient bone altar of Kikubaaqudgha.
   517 | D        | Found a hazy altar of Hepliaklqana.
   517 | D        | Found a stormy altar of Qazlal.
   517 | D        | Found a hide-covered altar of Uskayaw.
   517 | D        | Found a blossoming altar of Fedhas.
   517 | D        | Found a bloodstained altar of Trog.
   517 | D        | Found an iron altar of Okawaru.
   517 | D        | Found a basalt altar of Yredelemnul.
   517 | D        | Found a glowing golden altar of the Shining One.
   517 | D        | Found a snail-covered altar of Cheibriados.
   517 | D        | Found a sacrificial altar of Ru.
   517 | D        | Found a glowing silver altar of Zin.
   517 | D        | Found a shadowy altar of Dithmenos.
   517 | D        | Found a white marble altar of Elyvilon.
   517 | D        | Noticed a yak
   524 | D        | Killed a yak
   524 | D        | Reached skill level 10 in Armour
   524 | D        | Reached XP level 7. HP: 57/73 MP: 6/6
   525 | D        | Found an opulent altar of Gozag.
   526 | D        | Found a sparkling altar of Nemelex Xobeh.
   531 | D        | Became a worshipper of Warmaster Okawaru
   533 | D        | Bought a runed chain mail for 252 gold pieces
   598 | D        | Noticed Sonja
   634 | D        | Noticed a deep troll
   637 | D        | HP: 2/73 [deep troll (14)]
   637 | D        | Slain by a deep troll

Vault maps used:
D:        dungeon_sprint_1

Skill      XL: |  1  2  3  4  5  6 |
---------------+-------------------+-----
Fighting       | 5 7 8 10 | 10.4
Long Blades    | 3 5 7 9 |  9.9
Armour         | 5 6 8 10 | 10.0
Shields        | 5 6 8 9 |  9.3
Dodging        | 1 2 |  2.2
Stealth        | |  0.5

Action                   |  1- 3 |  4- 6 |  7- 9 || total
-------------------------+-------+-------+-------++-------
Melee: Long sword        |    11 |    25 |    11 ||    47
       Headbutt          |     2 |     7 |     2 ||    11
Armor: Scale mail        |     2 |     1 |       ||     3
       Chain mail        |       |       |    36 ||    36
Dodge: Dodged            |     3 |     4 |    11 ||    18
Block: Shield            |     3 |     6 |    19 ||    28
       Rpst.: Long sword |     1 |     2 |       ||     3
